 Dungeon Crawl Stone Soup version 0.21-a0-178-g0b87683 (webtiles) character file.

80 Ijustatesigmund the Skirmisher (level 4, -5/38 HPs)
             Began as a Formicid Fighter on Aug 9, 2017.
             Slain by Natasha (6 damage)
             ... on level 2 of the Dungeon.
             The game lasted 00:03:37 (1062 turns).

Ijustatesigmund the Skirmisher (Formicid Fighter)   Turns: 1062, Time: 00:03:38

Health: -5/38      AC:  6    Str: 20    XL:     4   Next: 65%
Magic:  4/4        EV:  7    Int:  8    God:
Gold:   50         SH: 10    Dex: 11    Spells: 3/3 levels left

rFire    . . .     SeeInvis +   a - +0 quarterstaff
rCold    . . .     Gourm    .   c - +1 shield
rNeg     . . .     Faith    .   b - +0 scale mail
rPois    .         Spirit   .   (helmet unavailable)
rElec    .         Reflect  .   (no cloak)
rCorr    .         Harm     .   (no gloves)
MR       .....                  (no boots)
Stlth    ..........             (no amulet)
HPRegen  0.12/turn              l - ring of teleportation (curse)
MPRegen  0.09/turn              (no ring)

@: no status effects
A: permanent stasis, dig shafts and tunnels, four strong arms, antennae 3
a: Dig, Shaft Self


You were on level 2 of the Dungeon.
You were hungry.

You visited 1 branch of the dungeon, and saw 2 of its levels.

You collected 50 gold pieces.

Inventory:

Hand Weapons
 a - a +0 quarterstaff (weapon)
Armour
 b - a +0 scale mail (worn)
 c - a +1 shield (worn)
Jewellery
 l - a cursed ring of teleportation (left hand)
Scrolls
 e - a scroll of enchant armour
 j - a scroll of amnesia
Potions
 i - a potion of cancellation
Comestibles
 f - 3 bread rations
 g - a fruit
 h - a royal jelly


   Skills:
 + Level 4.4 Fighting
 + Level 3.6 Staves
 - Level 3.2 Armour
 - Level 3.6 Shields


You had 3 spell levels left.
You didn't know any spells.

Dungeon Overview and Level Annotations

Branches:
Dungeon (2/15)

Altars:

Annotations:
D:2 Natasha


Innate Abilities, Weirdness & Mutations

You cannot be hasted, slowed, berserked, paralysed or teleported.
You can dig through walls and to a lower floor.
Your four strong arms can wield two-handed weapons with a shield.
You have a pair of large antennae on your head. (SInv)


Message History

The shadow imp hits you. Natasha claws you.
You closely miss Natasha.
Natasha is moderately wounded.
You block the shadow imp's attack. Natasha claws you.
* * * LOW HITPOINT WARNING * * *
You hit Natasha.
Natasha is heavily wounded.
You block the shadow imp's attack. You block Natasha's attack.
You closely miss Natasha.
Natasha is heavily wounded.
You block the shadow imp's attack. Natasha claws you!
* * * LOW HITPOINT WARNING * * *
You closely miss Natasha.
Natasha is heavily wounded.
The shadow imp hits you but does no damage.
Natasha closely misses you.
You miss Natasha.
Natasha is heavily wounded.
You block the shadow imp's attack. Natasha claws you.
You die...

.... ...# ...# .#
######## ...##.#
........ ...##.# .......
...##.# ##†......
...##.# ##5#.# ..)...#
#.h@.###
...÷..########.##......#
..............(.....[..#
..###..................#
..# #..................#
..# #...................
#####..........[.##+###.
....#..............
....#...............


You could see Natasha and a shadow imp.

Vanquished Creatures
  Natasha (D:2)
  2 adders (D:2)
  A worm (D:2)
  A leopard gecko (D:1)
  2 giant cockroaches (D:1)
  9 goblins
  3 hobgoblins
  3 bats
  6 frilled lizards (D:1)
  4 kobolds (D:1)
  3 rats (D:1)
35 creatures vanquished.

Notes
Turn   | Place    | Note
-------+----------+-------------------------------------------
     0 | D:1      | Ijustatesigmund the Formicid Fighter began the quest for the Orb.
     0 | D:1      | Reached XP level 1. HP: 18/18 MP: 1/1
    94 | D:1      | Reached XP level 2. HP: 17/24 MP: 2/2
   126 | D:2      | Reached XP level 3. HP: 11/30 MP: 3/3
   142 | D:2      | Noticed Natasha
   339 | D:1      | Reached skill level 4 in Fighting
   991 | D:2      | Killed Natasha
   991 | D:2      | Reached XP level 4. HP: 34/38 MP: 4/4
  1036 | D:2      | Noticed Natasha
  1060 | D:2      | HP: 1/38 [Natasha (8)]
  1062 | D:2      | Slain by Natasha

Vault maps used:
D:1:      tarquinn_simple_flora_water_a
D:2:      minmay_misc_feat_diagonals, uniq_natasha

Skill      XL: |  1  2  3 |
---------------+----------+-----
Fighting       | 4 |  4.4
Staves         | 3 |  3.6
Armour         | |  3.2
Shields        | |  3.6

Action                   |  1- 3 |  4- 6 || total
-------------------------+-------+-------++-------
Melee: Quarterstaff      |    94 |    34 ||   128
 Abil: Dig               |     2 |     1 ||     3
  Use: Potion            |     1 |     2 ||     3
       Scroll            |     5 |     1 ||     6
Armor: Scale mail        |    38 |    10 ||    48
Dodge: Dodged            |    19 |     9 ||    28
Block: Shield            |    50 |    16 ||    66
